 Dungeon Crawl Stone Soup version 0.27-a0-1202-ge72e49191c (webtiles) character file.

Game seed: 12978893036609478959

9163 freelancePsychic the Fighter (level 11, -3/95 HPs)
             Began as a Palentonga Conjurer on June 5, 2021.
             Was a Priest of Vehumet.
             Shot with an arrow by a centaur warrior (6 damage)
             ... on level 10 of the Dungeon.
             The game lasted 00:32:37 (14046 turns).

freelancePsychic the Fighter (Palentonga Conjurer) Turns: 14046, Time: 00:32:38

Health: -3/95      AC: 23    Str: 11    XL:     11   Next: 19%
Magic:  10/21      EV:  8    Int: 21    God:    Vehumet [***...]
Gold:   702        SH:  0    Dex: 18    Spells: 18/24 levels left

rFire    . . .     SeeInvis +   s - staff of conjuration
rCold    . . .     Faith    +   (no shield)
rNeg     . . .     Spirit   .   h - +1 robe
rPois    .         Reflect  .   (no helmet)
rElec    .         Harm     .   (no cloak)
rCorr    +         Rampage  +   y - +0 pair of gloves
Will     +....                  G - +2 barding
Stlth    ++........             r - amulet "Umeasye" {Faith Rampage rCorr Dex+9}
HPRegen  0.25/turn              B - ring of willpower
MPRegen  0.17/turn              J - +4 ring of protection

@: slowed, curled up, very slow
A: large, rugged brown scales 3, see invisible, deformed body, roll 1, armoured
tail, reflexive curl
a: Rolling Charge, Renounce Religion


You were on level 10 of the Dungeon.
You worshipped Vehumet.
Vehumet was most pleased with you.
You visited 2 branches of the dungeon, and saw 11 of its levels.
You also visited: Sewer and Bailey.

You collected 702 gold pieces.

Inventory:

Hand Weapons
 a - a +1 antimagic war axe
 b - a +1 whip
 x - a +3 short sword of venom
Missiles
 f - a curare-tipped dart
 u - a throwing net
Armour
 h - a +1 robe (worn)
 y - a +0 pair of gloves (worn)
 G - a +2 barding (worn)
Magical Staves
 i - a staff of cold
 s - a staff of conjuration (weapon)
Jewellery
 c - a +6 ring of dexterity
 r - the amulet "Umeasye" (around neck) {Faith Rampage rCorr Dex+9}
   (You acquired it in a bailey)

   [amulet of faith]

   It allows you to gain divine favour quickly.
   It affects your dexterity (+9).
   It protects you from acid and corrosion.
   It bestows one free step when moving towards enemies.
 B - a ring of willpower (left hand)
 J - a +4 ring of protection (right hand)
Wands
 j - a wand of flame (41)
 v - a wand of polymorph (4)
 L - a wand of iceblast (13)
Scrolls
 d - 3 scrolls of vulnerability
 g - 3 scrolls of immolation
 o - 2 scrolls of noise
 p - a scroll of identify {@r1}
 z - 2 scrolls of magic mapping
 D - a scroll of blinking
 K - a scroll of amnesia
Potions
 e - 2 potions of lignification {unknown}
 k - 3 potions of flight
 l - 3 potions of curing {unknown}
 m - 4 potions of degeneration
 q - a potion of mutation {unknown}
 t - 2 potions of cancellation {unknown}
 w - 3 potions of might {unknown}
 A - 3 potions of haste {unknown}
 C - a potion of brilliance {unknown}
 E - a potion of magic {unknown}
 F - a potion of berserk rage {unknown}
 H - a potion of resistance {unknown}


   Skills:
 + Level 9.0 Fighting
 - Level 1.5 Dodging
 - Level 1.2 Stealth
 - Level 7.0 Spellcasting
 - Level 8.9 Conjurations
 - Level 7.3 Translocations
 + Level 5.8 Earth Magic


You had 18 spell levels left.
You knew the following spells:

 Your Spells              Type           Power      Damage    Failure   Level
b - Searing Ray           Conj           100%       3d7       1%          2
c - Iskenderun's Mystic   Conj/Tloc      58%        2d12      1%          4

Your spell library contained the following spells:

 Spells                   Type           Power      Damage    Failure   Level
 Ignite Poison            Fire/Tmut/Pois 7%         N/A       7%          3
 Magic Dart               Conj           100%       1d8       1%          1
 Blink                    Tloc           N/A        N/A       1%          2
 Conjure Flame            Conj/Fire      39%        6-21      1%          3
 Dazzling Flash           Conj/Hex       78%        N/A       1%          3
 Mephitic Cloud           Conj/Pois/Air  29%        N/A       2%          3
 Fulminant Prism          Conj/Hex       19%        3d11      4%          4
 Portal Projectile        Hex/Tloc       44%        N/A       6%          3
 Inner Flame              Hex/Fire       7%         N/A       7%          3
 Beastly Appendage        Tmut           14%        N/A       9%          1
 Corona                   Hex            7%         N/A       9%          1
 Bolt of Magma            Conj/Fire/Erth 21%        4d11      9%          5
 Call Imp                 Summ           7%         N/A       13%         2
 Slow                     Hex            7%         N/A       13%         2
 Wereblood                Tmut           7%         N/A       13%         2
 Iron Shot                Conj/Erth      27%        9d6       17%         6
 Spider Form              Tmut/Pois      3%         N/A       26%         3
 Animate Armour           Summ/Erth      38%        N/A       26%         4
 Leda's Liquefaction      Hex/Erth       9%         N/A       26%         4
 Yara's Violent Unravell  Hex/Tmut       3%         3d4       50%         5
 Cause Fear               Hex            3%         N/A       65%         4
 Ice Form                 Ice/Tmut       7%         N/A       65%         4
 Hydra Form               Tmut           3%         N/A       94%         5
 Silence                  Hex/Air        3%         N/A       94%         5
 Statue Form              Tmut/Erth      12%        N/A       99%         6
 Discord                  Hex            3%         N/A       100%        8
 Shatter                  Erth           15%        3d15*     100%        9


Dungeon Overview and Level Annotations

Branches:
Dungeon (10/15)            Temple (1/1) D:6            Lair (0/6) D:9
  Sewer (visited)          Bailey (visited)
    Orc: D:9-12

Altars:
Ashenzari
Cheibriados
Dithmenos
Elyvilon
Fedhas
Gozag
Hepliaklqana
Kikubaaqudgha
Makhleb
Nemelex Xobeh
Okawaru
Qazlal
Ru
Sif Muna
Trog
Uskayaw
Vehumet
Wu Jian
Xom
Yredelemnul
Zin
The Shining One

Annotations:
D:10 AtomicRavioli's ghost, novice NaNe; Fannar


Innate Abilities, Weirdness & Mutations

You are completely covered in rugged brown scales. (AC +3, +7% HP)
You have supernaturally acute eyesight. (SInv)
Armour fits poorly on your strangely shaped body.
You can roll at nearby foes to attack.
You have a long armoured tail.
You curl defensively after being hit.


Message History

You hear an angry buzzing noise. x3; You hear a shout!
Casting: Iskenderun's Mystic Blast (dangerous; 3% risk of failure)
Confirm with . or Enter, or press ? or * to list all spells.
You feel a surge of power!
You erupt in a blast of force!
The mystic blast hits the centaur warrior!!
The centaur warrior is almost dead.
The centaur warrior is knocked back by the mystic blast.
The mystic blast hits the wraith.
The wraith is almost destroyed.
The wraith is knocked back by the mystic blast.
A killer bee comes into view.
A killer bee comes into view.
The killer bee moves out of view.
Casting: Iskenderun's Mystic Blast (dangerous; 3% risk of failure)
Confirm with . or Enter, or press ? or * to list all spells.
You feel a surge of power!
You erupt in a blast of force!
The mystic blast hits the catoblepas!
The catoblepas is moderately wounded.
The catoblepas is knocked back by the mystic blast.
The catoblepas slams into the stone wall!
The mystic blast hits the killer bee!
You kill the killer bee!
Vehumet accepts your kill.
Vehumet is now aiding your destructive spells.
You feel your power returning.
The mystic blast hits the wraith!
You destroy the wraith!
Vehumet accepts your kill.
You feel your power returning.
The mystic blast hits the killer bee!
The killer bee is severely wounded.
The killer bee is knocked back by the mystic blast.
The killer bee slams into the stone wall!
You kill the killer bee!
Vehumet accepts your kill.
You hear a shout!
A killer bee comes into view.
The centaur warrior shoots an arrow.
The arrow hits you!!
* * * LOW HITPOINT WARNING * * *
The killer bee stings you but does no damage.
The centaur warrior shoots an arrow.
The arrow hits you.
You die...

..#......## #.#####...# #
# #.##..##W.#.#.. ###
#.#....#.##.#.#
y.#.#.c..##.## .... ....
#.#.#.#.##.#....#.#
....###...# #Y....#.#..
#..##.. ?........#
#.#y###.#.#.. ####.#
.#....##..# #...@..c#.##.
#..
.#....#...#####.#########
### ......#...#.#.#. .#
#.. .)........#☼..#. ..
#e# #....##.##..#. .###
#.# #.#.....#...#.....#
#.# #..##Y......#....e.
..# #♣.###.)###..).# ####
#†...H.#..)...$..# #.e


You could see a catoblepas, a centaur warrior and 2 killer bees.

Vanquished Creatures
  3 two-headed ogres
  A deep elf pyromancer (D:10)
  A manticore (D:10)
  2 hornets (D:10)
  3 wyverns
  A shadow (D:9)
  A basilisk (D:10)
  A yak (D:9)
  A wraith (D:10)
  6 water moccasins
  6 orc warriors
  2 ice beasts
  A sky beast (D:6)
  6 black bears
  A wolf (D:4)
  3 ogres
  6 centaurs
  A phantom (D:6)
  2 kobold brigands
  7 bullfrogs
  2 scorpions (D:5)
  A water moccasin skeleton (D:6)
  2 killer bees (D:10)
  5 wights (D:8)
  4 howler monkeys
  A jelly (D:6)
  7 centaur zombies
  5 hounds
  2 orc priests
  A centaur skeleton (D:5)
  A bullfrog skeleton (D:5)
  A scorpion zombie (D:5)
  3 iguanas
  10 orc wizards
  A killer bee zombie (D:8)
  A hound zombie (D:5)
  2 hound skeletons (D:4)
  A howler monkey skeleton (D:7)
  11 adders
  5 gnolls
  A river rat (Sewer)
  A white imp (D:7)
  An adder zombie (D:5)
  A worm (D:4)
  2 dart slugs (D:1)
  45 orcs
  5 bats
  An endoplasm (D:3)
  3 giant cockroaches
  8 goblins
  3 hobgoblins
  2 jackals
  14 kobolds
  3 quokkas
  6 ball pythons
  4 frilled lizards
  8 rats
229 creatures vanquished.

Vanquished Creatures (others)
  35 fungi (D:9)
  62 plants
97 creatures vanquished.

Grand Total: 326 creatures vanquished

Notes
Turn   | Place    | Note
-------+----------+-------------------------------------------
     0 | D:1      | freelancePsychic the Palentonga Conjurer began the quest
                  | for the Orb.
     0 | D:1      | Reached XP level 1. HP: 13/13 MP: 3/3
   265 | D:1      | Reached XP level 2. HP: 16/20 MP: 0/5
   458 | D:1      | Learned a level 2 spell: Searing Ray
   975 | D:2      | Reached XP level 3. HP: 25/25 MP: 0/6
  1505 | D:2      | Found a faded altar of an unknown god.
  1885 | D:3      | Reached XP level 4. HP: 22/32 MP: 2/8
  1963 | D:3      | Found an ornate altar of the Wu Jian Council.
  1974 | D:3      | Noticed a bullfrog
  1983 | D:3      | Killed a bullfrog
  1984 | D:3      | Reached skill level 5 in Conjurations
  1984 | D:3      | Reached XP level 5. HP: 32/37 MP: 1/9
  2051 | D:3      | Found a snail-covered altar of Cheibriados.
  2068 | D:3      | Found a glowing drain.
  2082 | Sewer    | Entered a sewer
  2506 | Sewer    | Found a white marble altar of Elyvilon.
  2616 | D:3      | Reached XP level 6. HP: 43/43 MP: 7/11
  3337 | D:4      | Reached skill level 1 in Translocations
  3634 | D:4      | Noticed Blork the orc
  3650 | D:5      | Entered Level 5 of the Dungeon
  4019 | D:5      | Gained mutation: You curl defensively after being hit.
                  | [Palentonga growth]
  4019 | D:5      | Reached XP level 7. HP: 24/49 MP: 4/13
  4541 | D:4      | Learned a level 4 spell: Iskenderun's Mystic Blast
  4970 | D:4      | Noticed Blork
  4970 | D:4      | Blork the orc changed into Blork the wolf
  4976 | D:4      | Killed Blork the wolf
  5408 | D:5      | Reached XP level 8. HP: 55/55 MP: 6/15
  5533 | D:5      | Reached skill level 5 in Translocations
  6756 | D:6      | Found a shimmering altar of Xom.
  6881 | D:6      | Found a glowing golden altar of the Shining One.
  6905 | D:6      | Found a hazy altar of Hepliaklqana.
  7079 | D:6      | Reached XP level 9. HP: 60/60 MP: 11/16
  7118 | D:6      | Found a staircase to the Ecumenical Temple.
  7126 | Temple   | Entered the Ecumenical Temple
  7352 | Temple   | Became a worshipper of Vehumet
  8155 | D:7      | Reached skill level 1 in Fighting
  8263 | D:7      | Found a bloodstained altar of Trog.
  8318 | D:7      | Reached skill level 2 in Fighting
  8320 | D:7      | Identified a scroll of acquirement
  8321 | D:7      | Acquired a staff of conjuration
  8400 | D:7      | Found a large runed translucent door.
  8401 | D:7      | Found a large runed translucent door.
  8544 | D:7      | Noticed a two-headed ogre
  8890 | D:8      | Found a flagged portal.
  8966 | Bailey   | Entered a bailey
  9088 | Bailey   | Reached * piety under Vehumet
  9088 | Bailey   | Offered knowledge of Foxfire by Vehumet.
  9093 | Bailey   | Reached skill level 3 in Fighting
  9093 | Bailey   | Reached skill level 5 in Spellcasting
  9214 | Bailey   | Acquired the amulet "Umeasye" {Faith Rampage rCorr Dex+9}
  9265 | Bailey   | Reached skill level 4 in Fighting
  9428 | Bailey   | Noticed an orc knight
  9428 | Bailey   | Noticed an orc knight
  9775 | D:8      | Noticed a two-headed ogre
 10325 | D:7      | Reached skill level 5 in Fighting
 10326 | D:7      | Reached ** piety under Vehumet
 10326 | D:7      | Offered knowledge of Sandblast by Vehumet.
 10596 | D:7      | Found a broken altar of Ashenzari.
 10686 | D:7      | Found a shimmering blue altar of Sif Muna.
 10931 | D:9      | Reached XP level 10. HP: 67/79 MP: 6/19
 11328 | D:9      | Reached skill level 6 in Fighting
 11484 | D:9      | Found a shadowy altar of Dithmenos.
 11530 | D:9      | Found a staircase to the Lair.
 11857 | D:9      | Reached skill level 1 in Earth Magic
 12069 | D:8      | Killed a two-headed ogre
 12154 | D:8      | Reached skill level 7 in Fighting
 12769 | D:10     | Entered Level 10 of the Dungeon
 12783 | D:10     | Noticed a two-headed ogre
 12787 | D:10     | Noticed a deep elf pyromancer
 12790 | D:10     | Killed a two-headed ogre
 12791 | D:10     | Reached skill level 8 in Fighting
 12924 | D:10     | Killed a deep elf pyromancer
 12926 | D:10     | Offered knowledge of Ignite Poison by Vehumet.
 12938 | D:10     | Noticed a manticore
 13002 | D:10     | Killed a manticore
 13003 | D:10     | Reached skill level 5 in Earth Magic
 13003 | D:10     | Reached XP level 11. HP: 93/93 MP: 9/21
 13049 | D:10     | Noticed a catoblepas
 13145 | D:10     | Noticed AtomicRavioli's ghost (novice NaNe)
 13160 | D:10     | Noticed a two-headed ogre
 13161 | D:10     | Noticed a two-headed ogre
 13471 | D:10     | Noticed Fannar
 13488 | D:10     | Killed a two-headed ogre
 13558 | D:10     | HP: 1/93 [hornet (12)]
 13562 | D:10     | Reached skill level 9 in Fighting
 13935 | D:10     | Found a sacrificial altar of Ru.
 13935 | D:10     | Found a hide-covered altar of Uskayaw.
 13936 | D:10     | Found an iron altar of Okawaru.
 13971 | D:10     | Noticed a centaur warrior
 14041 | D:10     | Noticed a harpy
 14046 | D:10     | Reached *** piety under Vehumet
 14046 | D:10     | HP: 3/95 [centaur warrior/arrow (25)]
 14046 | D:10     | Shot with an arrow by a centaur warrior

Illustrated notes

Levels and vault maps discovered:
D:1:      onia_arrival_pyramid, layout_loops_ring
D:2:      layout_loops_ring, chequers_ecumenical_altar_island
D:3:      layout_rooms, marbit_many_paths, nzn_wu_jian_council_hall,
          portal_sewer_entry_d, bh_walls_and_bars
D:4:      minmay_spotlight, layout_cave_pods, serial_park, serial_park_tiny_1,
          serial_park_tiny_2, serial_park_gazebo [serial_park_minivault_5x5_8],
          serial_park_square2, serial_park_tiny_2, serial_park_paths
          [serial_park_minivault_5x5_2], roderic_serpentine_path,
          kennysheep_path_1, uniq_blork_the_orc
D:5:      cheibrodos_barr_body, layout_cave_pools, cheibrodos_gnoll_hut
D:6:      layout_loops_corners, xom_butterflies,
          nicolae_hepliaklqana_hazy_memory, lemuel_coloured_pillars_altar,
          minmay_temple_entry_gardened_gates
D:7:      layout_basic, trog_ov_bears_minmay, jmf_multi_god_temple2,
          glass_columns_a
D:8:      layout_loops_ring, enter_bailey_3
D:9:      layout_long_grid, nicolae_dithmenos_shadow_blocks,
          due_lair_maze_entry_diamond
D:10:     minmay_the_grid_3x3 [minmay_the_grid_gridbox, minmay_the_grid_fan,
          minmay_the_grid_holed_spiral, minmay_the_grid_paths,
          minmay_the_grid_spikes, minmay_the_grid_armoury,
          minmay_the_grid_square_x, minmay_the_grid_broken_lines,
          minmay_the_grid_prize_big_room], layout_cave_pools,
          gammafunk_temple_overflow_claw, gammafunk_ghost_abyssal_escape,
          serial_gnoll_camp, gnoll_camp_mini_hut, gnoll_camp_mini_hut,
          gnoll_camp_mini_basic, gnoll_camp_medium_01, serial_shops, shop,
          nicolae_shop_competitors_out_of_business, hangedman_ranch, uniq_fannar
Temple:   dpeg_chambers_temple

Skill      XL: |  1  2  3  4  5  6  7  8  9 10 11 |
---------------+----------------------------------+-----
Conjurations   | 4 5 6 8 |  8.9
Spellcasting   | 3 4 6 7 |  7.0
Translocations | 2 4 7 |  7.3
Fighting       | 5 8 9 |  9.0
Earth Magic    | 5 |  5.8
Dodging        | |  1.5
Stealth        | |  1.2

Action                   |  1- 3 |  4- 6 |  7- 9 | 10-12 || total
-------------------------+-------+-------+-------+-------++-------
Melee: Short sword       |     9 |       |    29 |       ||    38
       Unarmed           |     5 |       |       |       ||     5
       Tailslap          |     6 |     4 |     5 |     2 ||    17
       Whip              |    14 |    37 |       |       ||    51
       War axe           |     4 |    14 |       |       ||    18
       Staff             |       |       |     7 |    17 ||    24
 Cast: Magic Dart        |    26 |     2 |       |       ||    28
       Searing Ray       |    11 |    26 |    54 |    27 ||   118
       Iskenderun's Myst |       |       |    65 |    52 ||   117
 Abil: Rolling Charge    |     6 |     4 |     6 |       ||    16
Evoke: Wand              |       |       |     1 |       ||     1
  Use: Scroll            |     3 |     3 |    12 |     3 ||    21
       Potion            |     1 |       |     1 |     3 ||     5
 Stab: Sleeping          |       |       |     1 |       ||     1
Armor: Robe              |    18 |    26 |    70 |    32 ||   146
Dodge: Dodged            |    18 |    23 |    76 |    16 ||   133

Table legend: (Time is in decaauts)
 A = Elapsed time spent in this place.
 B = Non-inter-level travel time spent in this place.
 C = Inter-level travel time spent in this place.
 D = Time resting spent in this place.
 E = Time spent auto-exploring this place.
 F = Levels seen in this place.
 G = Mean time per level.
                   A        B        C        D        E       F      G
               +--------+--------+--------+--------+--------+-----+--------+
         Total |  14131 |  13707 |    424 |   2105 |   9628 |  13 | 1087.0 |
       Dungeon |  12851 |  12454 |    397 |   1813 |   8928 |  10 | 1285.1 |
        Temple |    253 |    226 |     27 |      0 |    210 |   1 |  253.0 |
         Sewer |    512 |    512 |      0 |    219 |    221 |   1 |  512.0 |
        Bailey |    514 |    514 |      0 |     73 |    269 |   1 |  514.0 |
               +--------+--------+--------+--------+--------+-----+--------+

Top non-repeatable levels by time:
     D:6: 1696 daAuts
     D:5: 1679 daAuts
     D:7: 1600 daAuts
     D:4: 1475 daAuts
     D:9: 1429 daAuts
     D:8: 1291 daAuts
    D:10: 1030 daAuts
     D:2: 944 daAuts
     D:1: 904 daAuts
     D:3: 799 daAuts
  Bailey: 514 daAuts
   Sewer: 512 daAuts
  Temple: 253 daAuts
